 Dungeon Crawl Stone Soup version 0.23-a0-350-g6fd5563 (webtiles) character file.

245 Garbasso the Grasshopper (level 6, -1/51 HPs)
             Began as a Ghoul Warper on Oct 20, 2018.
             Was a Believer of Nemelex Xobeh.
             Slain by an ooze (2 damage)
             ... on level 4 of the Dungeon.
             The game lasted 00:13:57 (4620 turns).

Garbasso the Grasshopper (Ghoul Warper)             Turns: 4620, Time: 00:13:57

Health: -1/51      AC:  5    Str: 15    XL:     6   Next: 10%
Magic:  3/7        EV: 11    Int:  9    God:    Nemelex Xobeh [**....]
Gold:   271        SH:  0    Dex:  9    Spells: 4/8 levels left

rFire    . . .     SeeInvis .   a - +0 rapier
rCold    + . .     Gourm    .   (no shield)
rNeg     + + +     Faith    .   m - +0 leather armour
rPois    ∞         Spirit   .   (no helmet)
rElec    .         Reflect  .   e - +0 cloak
rCorr    .         Harm     .   (no gloves)
MR       .....                  k - +0 pair of boots
Stlth    ++........             (no amulet)
HPRegen  0.00/turn              y - ring of flight
MPRegen  0.10/turn              (no ring)

@: rotting
A: rotting body, claws 1, carnivore, cold resistance 1, negative energy
resistance 3, inhibited regeneration, torment resistance, unbreathing
a: Renounce Religion, Evoke Flight


You were on level 4 of the Dungeon.
You worshipped Nemelex Xobeh.
Nemelex Xobeh was pleased with you.
You were not hungry.

You visited 1 branch of the dungeon, and saw 4 of its levels.

You collected 271 gold pieces.

Inventory:

Hand Weapons
 a - a +0 rapier (weapon)
 b - a +0 dagger
Missiles
 n - 129 stones (quivered)
Armour
 e - a +0 cloak (worn)
 h - a scarf of resistance
 k - a +0 pair of boots (worn)
 m - a +0 leather armour (worn)
 r - +0 ice dragon scales
Jewellery
 y - a ring of flight (left claw)
Wands
 t - a wand of acid (7)
Scrolls
 d - 3 scrolls of blinking
 i - a scroll of amnesia {unknown}
 j - 2 scrolls of remove curse
 q - a scroll of teleportation {unknown}
Potions
 g - a potion of agility
 l - a potion of magic
 s - a potion of lignification {unknown}
 u - a potion of heal wounds
 v - a potion of flight
Miscellaneous
 o - a plain deck of destruction {drawn: 8}
 p - a legendary deck of summoning
 w - a plain deck of destruction
Comestibles
 f - 9 rations


   Skills:
 + Level 3.6 Fighting
 * Level 3.4 Short Blades
 - Level 0.8 Throwing
 - Level 0.8 Armour
 - Level 1.7 Dodging
 + Level 3.0 Stealth
 - Level 1.7 Spellcasting
 + Level 3.8 Translocations


You had 4 spell levels left.
You knew the following spells:

 Your Spells              Type           Power        Failure   Level  Hunger
a - Blink                 Tloc           N/A          13%         2    ###....
b - Shroud of Golubria    Chrm/Tloc      #.........   28%         2    ###....

Your spell library contained the following spells:

 Spells                   Type           Power        Failure   Level  Hunger
 Gell's Gravitas          Tloc           #.........   26%         3    ####...
 Lesser Beckoning         Tloc           #.........   26%         3    ####...
 Teleport Other           Tloc           #.......     26%         3    ####...
 Passage of Golubria      Tloc           N/A          65%         4    #####..


Dungeon Overview and Level Annotations

Branches:
Dungeon (4/15)
 Temple: D:4-7

Altars:
Ashenzari
Nemelex Xobeh
Ru
Uskayaw


Innate Abilities, Weirdness & Mutations

Your body is rotting away.
You thrive on raw meat.
You are immune to poison.
You have sharp fingernails.
You are carnivorous and can eat meat at any time.
Your flesh is cold resistant. (rC+)
You are immune to negative energy. (rN+++)
You do not regenerate when monsters are visible.
You are immune to unholy pain and torment.
You can survive without breathing.


Message History

Aim: a jackal Attack!
An ooze comes into view.
The ooze quivers.
The jackal bites you but does no damage.
Lightning arcs down from a storm cloud!
You hit the jackal.
The jackal is severely wounded.
Your air elemental closely misses the jackal.
Your air elemental hits the jackal!
The jackal dies!
You hit the ooze.
The ooze is lightly wounded.
The ooze hits you.
* * * LOW HITPOINT WARNING * * *
You hit the ooze.
The ooze is severely wounded.
The ooze hits you.
You die...
Your body glows slightly and disappears.

#..### ... ....##.. .. !#
##.#.##.# #.# .#
......#.###.### .#
.#............###### .#
..#.........#.. ..##.###
.#..........#.# #......#
.##.#.#.#...#.####.##.#
.g.(.(#.#......J@E....#
#.#####...†...####.##.......
#.# #####†#......# .#..#..
[.# ##)######.. .. .# #.#
#...# ####.## # #.# #...# #.
..## #.).# # ...#### #.).#
......####...######


You could see an ooze and a friendly air elemental.

Vanquished Creatures
  3 gnolls
  4 adders
  An ooze (D:2)
  An adder skeleton (D:4)
  3 worms
  A dart slug (D:2)
  4 leopard geckos
  3 orcs
  8 bats
  A giant cockroach (D:2)
  5 goblins
  5 hobgoblins
  7 jackals
  A quokka (D:2)
  2 ball pythons
  5 kobolds
  A quokka skeleton (D:4)
  5 rats
60 creatures vanquished.

Vanquished Creatures (collateral kills)
  An ogre (D:4)
  A hound (D:4)
  A gnoll (D:4)
  4 jackals (D:4)
7 creatures vanquished.

Vanquished Creatures (others)
  A gnoll (D:4)
1 creature vanquished.

Grand Total: 68 creatures vanquished

Notes
Turn   | Place    | Note
-------+----------+-------------------------------------------
     0 | D:1      | Garbasso the Ghoul Warper began the quest for the Orb.
     0 | D:1      | Reached XP level 1. HP: 17/17 MP: 2/2
    89 | D:1      | Reached XP level 2. HP: 5/24 MP: 3/3
   274 | D:1      | Learned a level 2 spell: Blink
   335 | D:1      | Reached skill level 1 in Stealth
   699 | D:1      | Reached XP level 3. HP: 16/30 MP: 4/4
  1185 | D:1      | Learned a level 2 spell: Shroud of Golubria
  1302 | D:2      | Found a sparkling altar of Nemelex Xobeh.
  1310 | D:2      | Became a worshipper of Nemelex Xobeh the Trickster
  1601 | D:2      | Received a gift from Nemelex Xobeh
  1737 | D:2      | Found a faded altar of an unknown god.
  1812 | D:2      | Reached XP level 4. HP: 30/37 MP: 5/5
  2309 | D:3      | Received a gift from Nemelex Xobeh
  2461 | D:3      | Reached * piety under Nemelex Xobeh
  2481 | D:3      | Found a hide-covered altar of Uskayaw.
  3266 | D:3      | Found a shattered altar of Ashenzari.
  3441 | D:3      | Found a sacrificial altar of Ru.
  3665 | D:3      | Received a gift from Nemelex Xobeh
  3841 | D:3      | Reached ** piety under Nemelex Xobeh
  3959 | D:4      | Reached XP level 5. HP: 37/45 MP: 3/6
  4595 | D:4      | Noticed an ogre
  4611 | D:4      | Killed an ogre
  4611 | D:4      | Reached XP level 6. HP: 5/51 MP: 2/7
  4619 | D:4      | HP: 1/51 [ooze (4)]
  4620 | D:4      | Slain by an ooze

Vault maps used:
D:1:      psy_arrival_terrarium
D:2:      old_standard_altar, chequers_ecumenical_altar_simple
D:3:      overflow_temple_1_default, marbit_many_paths, st_stairs_1,
          evilmike_ruin_ashenzari
D:4:      first_ration

Skill      XL: |  1  2  3  4  5 |
---------------+----------------+-----
Short Blades   | 2 3 |  3.4
Stealth        | 1 2 3 |  3.0
Translocations | 3 |  3.8
Fighting       | 3 |  3.6
Throwing       | |  0.8
Armour         | |  0.8
Dodging        | |  1.7
Spellcasting   | |  1.7

Action                   |  1- 3 |  4- 6 || total
-------------------------+-------+-------++-------
Melee: Short sword       |   150 |   123 ||   273
       Rapier            |       |    69 ||    69
       Dagger            |       |     6 ||     6
Throw: Tomahawk          |     5 |       ||     5
       Stone             |    16 |    16 ||    32
 Cast: Blink             |     2 |     7 ||     9
       Shroud of Golubri |     2 |     2 ||     4
Evoke: Deck              |       |     8 ||     8
       Wand              |       |     1 ||     1
  Use: Scroll            |       |     6 ||     6
 Stab: Sleeping          |       |     1 ||     1
  Eat: Chunk             |    12 |    17 ||    29
Armor: Leather armour    |    50 |    86 ||   136
Dodge: Dodged            |    95 |   146 ||   241

Table legend:
 A = Non-vault XP
 B = Vault XP
 C = Vault XP percentage of total XP
 D = Non-vault monster count
 E = Vault monster count
 F = Vault count percentage of total count
                 A         B        C        D         E       F
            +---------+---------+-------+---------+---------+-------
      Total |     345 |       5 |   1.4 |      65 |       3 |   4.4
            +---------+---------+-------+---------+---------+-------
        D:1 |      42 |       0 |   0.0 |      17 |       0 |   0.0
        D:2 |      40 |       0 |   0.0 |      10 |       0 |   0.0
        D:3 |      73 |       5 |   6.4 |      21 |       3 |  12.5
        D:4 |     190 |       0 |   0.0 |      17 |       0 |   0.0
            +---------+---------+-------+---------+---------+-------
